 Dungeon Crawl Stone Soup version 0.29.1-12-g30fa7ad0bf (webtiles) character file.

Game seed: 11963300892468990896

197 Flaz the Chopper (level 5, -5/45 HPs)
             Began as a Ghoul Monk on Jan 15, 2023.
             Slain by Edmund
             ... wielding a +2 vorpal flail
              (7 damage)
             ... on level 4 of the Dungeon.
             The game lasted 00:08:24 (3652 turns).

Flaz the Chopper (Ghoul Monk)                       Turns: 3652, Time: 00:08:25

Health: -5/45      AC: 11    Str: 17    XL:     5   Next: 75%
Magic:  4/4        EV:  7    Int:  5    God:
Gold:   194        SH:  3    Dex: 11    Spells: 4/4 levels left

rFire   . . .      SeeInvis .   a - +0 hand axe
rCold   + + .      Faith    .   v - +0 buckler {reflect}
rNeg    + + +      Spirit   .   p - +0 chain mail
rPois   ∞          Reflect  +   (no helmet)
rElec   .          Harm     .   w - +0 cloak
rCorr   .          Rampage  .   (no gloves)
Will    .....                   l - +0 pair of boots
Stlth   ..........              (no amulet)
HPRegen 0.00/turn               u - ring of protection from cold
MPRegen 0.09/turn               k - ring of flight

@: flying, inhibited regen
A: claws 1, cold resistance 1, negative energy resistance 3, inhibited
regeneration, torment resistance 2, devour on kill
a: no special abilities


You were on level 4 of the Dungeon.
You visited 1 branch of the dungeon, and saw 5 of its levels.

You collected 194 gold pieces.

Inventory:

Hand Weapons
 a - a +0 hand axe (weapon)
 x - the +5 long sword of the Ecumenical Temple {elec, rPois}
   (You found it on level 5 of the Dungeon)

   It occasionally discharges a powerful burst of electricity upon striking a
   foe.
   rPois:     It protects you from poison.
Missiles
 s - a boomerang (quivered)
Armour
 l - a +0 pair of boots (worn)
 p - a +0 chain mail (worn)
 v - a +0 buckler of reflection (worn)
 w - a +0 cloak (worn)
Jewellery
 k - a ring of flight (right claw)
 t - an amulet of magic regeneration
 u - a ring of protection from cold (left claw)
Scrolls
 d - a scroll of enchant weapon {unknown}
 e - a scroll of vulnerability {unknown}
 f - 5 scrolls of identify {unknown}
 g - a scroll of blinking {unknown}
 h - a scroll of noise {unknown}
 m - 3 scrolls of teleportation {unknown}
 n - a scroll of torment {unknown}
 r - a scroll of brand weapon {unknown}
Potions
 b - a potion of haste {unknown}
 i - 2 potions of heal wounds {unknown}
 j - a potion of cancellation {unknown}
 o - a potion of curing {unknown}
 q - a potion of brilliance {unknown}


   Skills:
 - Level 3.2 Fighting
 + Level 4.6 Axes
 * Level 2.8 Armour
 - Level 2.6 Dodging
 - Level 2.1 Stealth
 * Level 0.5 Shields


You had 4 spell levels left.
You didn't know any spells.
Your spell library was empty.

Dungeon Overview and Level Annotations

Branches:
Dungeon (5/15)
 Temple: D:4-7

Altars:
Hepliaklqana
Makhleb
Qazlal
Vehumet
Xom
Yredelemnul

Annotations:
D:3 1 runed translucent door, Crazy Yiuf
D:4 1 runed translucent door, Colokkon's ghost, novice OpBr; Edmund


Innate Abilities, Weirdness & Mutations

You are immune to poison.
You have sharp fingernails.
Your flesh is cold resistant. (rC+)
You are immune to negative energy. (rN+++)
You do not regenerate when monsters are visible.
You are immune to unholy pain and torment.
You thrive by killing the living.


Message History

* * * LOW HITPOINT WARNING * * *
x2 Edmund attacks as you move away!
Edmund closely misses you.
You barely miss Edmund.
Edmund is severely wounded.
Edmund hits you but does no damage. Edmund attacks as you move away!
Edmund hits you with a +2 vorpal flail.
You feel less invigorated.
You feel less confused. Edmund hits you with a +2 vorpal flail.
Edmund attacks as you move away! Edmund closely misses you.
You closely miss Edmund.
Edmund is severely wounded.
You block Edmund's attack.
You barely miss Edmund.
Edmund is severely wounded.
Edmund closely misses you.
You hit Edmund but do no damage.
Edmund is severely wounded.
Edmund hits you with a +2 vorpal flail.
You hit Edmund.
Edmund is almost dead.
Edmund closely misses you.
You hit Edmund but do no damage.
Edmund is almost dead.
Edmund hits you but does no damage. Edmund hits you with a +2 vorpal flail!
* * * LOW HITPOINT WARNING * * *
x2 You hit Edmund.
Edmund is almost dead.
Edmund hits you but does no damage.
You hit Edmund.
Edmund is almost dead.
Edmund hits you with a +2 vorpal flail.
* * * LOW HITPOINT WARNING * * *
x2 You hit Edmund but do no damage.
Edmund is almost dead.
Edmund barely misses you.
You hit Edmund.
Edmund is almost dead.
Edmund hits you with a +2 vorpal flail!
You die...

#....<.#### #...# #.........#
#...#
#.........######...#####
#......................##
#.........##.............
###.........######...####..
##.[.........## #...# ##'#
##.............#####...###8.8
#..........@@............#...
#..............###########...
#.....................####...
#....................##8.....
#...........>........##._....
##............[......##8.....
##...................#......
######.##...........#......
#.##..........##8_.._.


You could see Edmund.

Vanquished Creatures
  A hound (D:4)
  An orc wizard (D:3)
  6 adders
  A shadow imp (D:5)
  2 worms (D:2)
  A dart slug (D:4)
  10 orcs
  4 bats
  6 endoplasms
  2 giant cockroaches
  A goblin (D:2)
  7 hobgoblins
  6 jackals
  7 ball pythons
  A frilled lizard (D:1)
  4 kobolds
  4 rats
64 creatures vanquished.

Vanquished Creatures (others)
  2 fungi (D:2)
  5 plants (D:5)
7 creatures vanquished.

Grand Total: 71 creatures vanquished

Notes
Turn   | Place    | Note
-------+----------+-------------------------------------------
     0 | D:1      | Flaz the Ghoul Monk began the quest for the Orb.
     0 | D:1      | Reached XP level 1. HP: 19/19 MP: 0/0
   251 | D:1      | Reached skill level 3 in Axes
   316 | D:1      | Reached XP level 2. HP: 23/26 MP: 1/1
   961 | D:1      | Reached skill level 1 in Armour
  1075 | D:2      | Reached XP level 3. HP: 29/31 MP: 2/2
  1193 | D:2      | Found a faded altar of an unknown god.
  1524 | D:2      | Reached XP level 4. HP: 38/38 MP: 3/3
  1766 | D:2      | Found a hazy altar of Hepliaklqana.
  1929 | D:3      | Reached skill level 4 in Axes
  2107 | D:3      | Found a basalt altar of Yredelemnul.
  2163 | D:3      | Reached XP level 5. HP: 18/45 MP: 4/4
  2544 | D:3      | Found a runed translucent door.
  2545 | D:3      | Noticed Crazy Yiuf
  2693 | D:4      | Found a stormy altar of Qazlal.
  3012 | D:4      | Found an iron altar of Okawaru.
  3036 | D:4      | Found a burning altar of Makhleb.
  3036 | D:4      | Found a radiant altar of Vehumet.
  3038 | D:4      | Found a shimmering altar of Xom.
  3038 | D:4      | Found a shimmering altar of Xom.
  3038 | D:4      | Found a burning altar of Makhleb.
  3111 | D:4      | Found a runed translucent door.
  3111 | D:4      | Noticed Colokkon's ghost (novice OpBr)
  3289 | D:5      | Entered Level 5 of the Dungeon
  3300 | D:5      | Identified the +5 long sword of the Ecumenical Temple
                  | {elec, rPois}
  3355 | D:5      | Noticed an ogre
  3614 | D:5      | Noticed Edmund
  3633 | D:4      | HP: 2/45 [Edmund/+2 vorpal flail (1)]
  3650 | D:4      | HP: 2/45 [Edmund/+2 vorpal flail (1)]
  3652 | D:4      | Slain by Edmund

Illustrated notes

Levels and vault maps discovered:
D:1:      wander_arrival_desolate, layout_basic
D:2:      layout_rooms, shapermc_ecumenical_altar_gd, basic_altar, st_stairs_13,
          kennysheep_generic_room_11
D:3:      layout_rooms, yredelemnul_altar_generic, uniq_crazy_yiuf_cottage
D:4:      layout_rooms, mainiacjoe_overflow_six_doors_small,
          doesnt_xom_only_xom, hellmonk_ghost_happy_afterlife,
          grunt_ministairs_1, nicolae_underground_beach
D:5:      minmay_evil_eye, layout_gridville, cheibriados_altar_1,
          minmay_temple_entry_gardened_gates, uniq_grinder, uniq_edmund

Skill      XL: |  1  2  3  4 |
---------------+-------------+-----
Axes           | 3 4 |  4.6
Armour         | 1 2 |  2.8
Fighting       | |  3.2
Dodging        | |  2.6
Stealth        | |  2.1
Shields        | |  0.5

Action                   |  1- 3 |  4- 6 || total
-------------------------+-------+-------++-------
Melee: Hand axe          |   109 |   175 ||   284
  Use: Potion            |       |     1 ||     1
 Stab: Sleeping          |     1 |       ||     1
Armor: Robe              |     6 |       ||     6
       Leather armour    |    13 |     1 ||    14
       Chain mail        |       |    92 ||    92
Dodge: Dodged            |    80 |    70 ||   150
Block: Buckler           |       |    13 ||    13
